AoeStats
← NuMa | Gacha

African Clearing

510633289Analyzed
3v3 RM · 2d ago on Oct 1, 2026· 34m 9s· 6 players
Game mode
Random Map
Map size
Normal (6 player)
Population
200
Speed
Normal
Resources
Standard
Victory
Conquest
Starting age
Dark Age
Ending age
Imperial Age
RankedLock teamsTeams togetherTeam positionsShared explorationLock speedFull tech treeHidden civsTurbo modeCheats
Victory
Defeat
🇲🇽 Byzantines · Mexico
1094
+19
🇫🇷 Franks · France
1086
+19
🇺🇸 Vietnamese · United States
1066
+20
🇨🇴 Persians · Colombia
1239
-22
🇨🇴 Varangians · Colombia
1131
-18
🇨🇴 Italians · Colombia
1117
-18
RaulelPiadoso
10:10 Loom
13:34 Feudal Age
13:47 Man-at-Arms
15:34 Forging
27:48 Castle Age
27:13 Stone Mining
27:29 Double-Bit Axe
27:43 Fletching
29:02 Bodkin Arrow
33:21 Wheelbarrow
33:39 Horse Collar
33:56 Pikeman
Wololo
6:37 Loom
13:46 Feudal Age
15:28 Double-Bit Axe
20:30 Castle Age
19:13 Horse Collar
22:23 Crossbowman
24:13 Fletching
28:15 Bodkin Arrow
28:47 Padded Archer Armor
31:17 Leather Archer Armor
34:36 Ballistics
Holylight
7:38 Loom
15:25 Feudal Age
17:55 Wheelbarrow
17:57 Scale Barding Armor
19:04 Forging
20:53 Town Watch
26:37 Castle Age
26:52 Gold Mining
26:52 Stone Mining
26:45 Light Cavalry
27:28 Husbandry
27:53 Chain Barding Armor
28:33 Iron Casting
29:13 Hand Cart
32:46 Gold Shaft Mining
NuMa | Gacha
7:39 Loom
14:03 Feudal Age
19:03 Castle Age
17:08 Stone Mining
17:34 Double-Bit Axe
18:02 Gold Mining
NuMa | Reize
3:08 Loom
14:08 Feudal Age
17:02 Bloodlines
17:38 Double-Bit Axe
18:26 Horse Collar
27:05 Scale Barding Armor
NuMa | Jomaro
5:40 Loom
14:01 Feudal Age
17:11 Bloodlines
19:01 Scale Barding Armor
20:06 Forging
22:56 Wheelbarrow
26:02 Castle Age
24:04 Gold Mining
26:35 Husbandry
27:56 Chain Barding Armor
28:12 Iron Casting
28:16 Hand Cart
30:26 Double-Bit Axe
32:20 Bow Saw
Connection lost

Rejoining the realm…

Still unreachable

The connection could not be restored.

Session expired

The server has moved on; the page needs a fresh start.